 Dungeon Crawl Stone Soup version 0.30-a0-627-gc11e7ae810 (webtiles) character file.

Game seed: 2222254844831236387

252 Dartaoz the Poker (level 5, -4/44 (47) HPs)
             Began as a Minotaur Fighter on Jan 12, 2023.
             Slain by a gnoll
             ... wielding a +0 halberd
              (8 damage)
             ... on level 4 of the Dungeon.
             The game lasted 00:06:49 (2072 turns).

Dartaoz the Poker (Minotaur Fighter)                Turns: 2072, Time: 00:06:49

HP:   -4/44 (47)    AC:  9    Str: 23    XL:     5   Next: 89%
MP:   5/5           EV:  8    Int:  5    God:
Gold: 221           SH:  4    Dex:  9    Spells: 6/6 levels left

rFire   . . .      SeeInvis .    a - +0 trident
rCold   . . .      Faith    .    c - +0 buckler
rNeg    . . .      Spirit   .    p - +0 chain mail
rPois   .          Reflect  .    (helmet restricted)
rElec   .          Harm     .    (no cloak)
rCorr   .          Rampage  .    (no gloves)
Will    .....                    (no boots) Stlth
                                 (no amulet)
HPRegen 0.27/turn                (no ring)
MPRegen 0.09/turn                (no ring)

@: drained
A: horns 2, retaliatory headbutt
a: no special abilities


You were on level 4 of the Dungeon.
You visited 1 branch of the dungeon, and saw 4 of its levels.

You collected 221 gold pieces.

Inventory:

Hand Weapons
 a - a +0 trident (weapon)
Armour
 b - a +0 scale mail
 c - a +0 buckler (worn)
 p - a +0 chain mail (worn)
 s - a +0 kite shield
Jewellery
 o - the amulet of Elemental Vulnerability {rPois rF-- rC-- AC+8}
   (You found it on level 2 of the Dungeon)

   [amulet of nothing]

   AC:        It affects your AC (+8).
   rF:        It makes you very vulnerable to fire.
   rC:        It makes you very vulnerable to cold.
   rPois:     It protects you from poison.
 q - a ring of see invisible
 t - an amulet of guardian spirit
Wands
 u - a wand of charming (4)
Scrolls
 f - 2 scrolls of teleportation {unknown}
 g - a scroll of brand weapon {unknown}
 i - 2 scrolls of fear {unknown}
 j - a scroll of amnesia {unknown}
 k - 3 scrolls of identify {unknown}
 m - a scroll of fog {unknown}
 r - a scroll of immolation {unknown}
 v - 2 scrolls of silence {unknown}
Potions
 d - a potion of might
 e - 3 potions of mutation {unknown}
 h - a potion of lignification {unknown}
 l - a potion of ambrosia {unknown}
 n - a potion of cancellation {unknown}
 w - a potion of resistance


   Skills:
 + Level 4.3 Fighting
 + Level 5.5 Polearms
 + Level 4.3 Armour
 + Level 1.8 Dodging
 + Level 4.0 Shields
 - Level 1.0 Spellcasting


You had 6 spell levels left.
You didn't know any spells.
Your spell library contained the following spells:

 Spells                   Type           Power      Damage    Failure   Level
 Static Discharge         Conj/Air       0%         2-2/arc   100%        2
 Vhi's Electric Charge    Tloc/Air       0%         N/A       100%        3
 Arcjolt                  Conj/Air       0%         1d10      100%        5
 Lightning Bolt           Conj/Air       0%         1d11      100%        5


Dungeon Overview and Level Annotations

Branches:
Dungeon (4/15)
 Temple: D:4-7

Altars:
Qazlal
Zin


Innate Abilities, Weirdness & Mutations

You have a pair of horns on your head.
You reflexively headbutt those who attack you in melee.


Message History

You puncture the gnoll!
You kill the gnoll!
The gnoll misses you.
You are too injured to fight recklessly!
You are too injured to fight recklessly!
You are too injured to fight recklessly!
You are too injured to fight recklessly!
Reach: a) +0 trident
Press: ? - help, Dir - move target, f - gnoll
Aim: a gnoll, wielding a +0 halberd (about 39% to evade your +0 trident)
You reach to attack!
You hit the gnoll.
The gnoll is heavily wounded.
The gnoll closely misses you.
Reach: a) +0 trident
Press: ? - help, Dir - move target, f/p - gnoll
Aim: a gnoll, wielding a +0 halberd (heavily wounded, about 39% to evade your +0 trident)
You reach to attack!
You hit the gnoll.
The gnoll is severely wounded.
You block the gnoll's attack.
Reach: a) +0 trident
Press: ? - help, Dir - move target, f/p - gnoll
Aim: a gnoll, wielding a +0 halberd (severely wounded, about 39% to evade your +0 trident)
You reach to attack!
You hit the gnoll but do no damage.
The gnoll is severely wounded.
The gnoll hits you from afar with a +0 halberd!
* * * LOW HITPOINT WARNING * * *
Reach: a) +0 trident
Press: ? - help, Dir - move target, f/p - gnoll
Aim: a gnoll, wielding a +0 halberd (severely wounded, about 39% to evade your +0 trident)
You reach to attack!
You barely miss the gnoll.
The gnoll is severely wounded.
The gnoll hits you from afar with a +0 halberd!
* * * LOW HITPOINT WARNING * * *
Reach: a) +0 trident
Press: ? - help, Dir - move target, f/p - gnoll
Aim: a gnoll, wielding a +0 halberd (severely wounded, about 39% to evade your +0 trident)
You reach to attack!
You barely miss the gnoll.
The gnoll is severely wounded.
The gnoll hits you from afar with a +0 halberd!
You die...

##.....####
####........
.......##### #.##.#.#
#.##(#.# #.##.#.####
..........# ##
#.##.#.##.########.##
........#.......@)).#
#.##.....#########g##
........## .#
.#####.## .# . #.# .#
# #.# .# #+# .# ..


You could see a gnoll.

Vanquished Creatures
  An orc priest (D:3)
  Ijyb (D:3)
  Jessica (D:2)
  An orc wizard (D:4)
  3 gnolls (D:4)
  3 adders
  2 worms (D:2)
  6 dart slugs
  4 orcs
  8 bats
  8 endoplasms
  4 giant cockroaches
  A goblin (D:2)
  5 hobgoblins
  2 jackals (D:2)
  4 quokkas
  4 ball pythons
  2 frilled lizards
  7 kobolds
  5 rats
72 creatures vanquished.

Notes
Turn   | Place    | Note
-------+----------+-------------------------------------------
     0 | D:1      | Dartaoz the Minotaur Fighter began the quest for the Orb.
     0 | D:1      | Reached XP level 1. HP: 19/19 MP: 0/0
   238 | D:1      | Reached XP level 2. HP: 27/27 MP: 1/1
   309 | D:1      | Reached skill level 3 in Polearms
   456 | D:1      | Reached skill level 1 in Spellcasting
   677 | D:2      | Reached XP level 3. HP: 33/33 MP: 3/3
   770 | D:2      | Reached skill level 4 in Polearms
   881 | D:2      | Noticed Jessica
   890 | D:2      | Killed Jessica
   891 | D:2      | Reached XP level 4. HP: 32/40 MP: 4/4
   962 | D:2      | Reached skill level 5 in Polearms
  1050 | D:2      | Found the amulet of Elemental Vulnerability {rPois rF--
                  | rC-- AC+8}
  1398 | D:3      | Reached skill level 1 in Dodging
  1398 | D:3      | Reached XP level 5. HP: 25/46 MP: 5/5
  1588 | D:3      | Found a glowing silver altar of Zin.
  1637 | D:3      | Found a stormy altar of Qazlal.
  1692 | D:3      | Noticed Ijyb
  1717 | D:3      | Killed Ijyb
  2072 | D:4      | Slain by a gnoll

Illustrated notes

Levels and vault maps discovered:
D:1:      lightli_arrival_lavapool, layout_loops_ring
D:2:      layout_loops_ring, grunt_ministairs_6, ebering_dispersal_statue_hall,
          uniq_jessica
D:3:      layout_rooms, overflow_temple_1_default,
          mainiacjoe_overflow_surrounded_room, uniq_ijyb
D:4:      layout_loops_corners, fedhas_altar_3, minmay_temple_entry_nine_rooms,
          hangedman_decor_clover_reticule, uniq_blork_the_orc

Skill      XL: |  1  2  3  4  5 |
---------------+----------------+-----
Polearms       | 3 4 5 |  5.5
Spellcasting   | 1 |  1.0
Fighting       | 4 |  4.3
Armour         | 4 |  4.3
Dodging        | 1 |  1.8
Shields        | 4 |  4.0

Action                   |  1- 3 |  4- 6 || total
-------------------------+-------+-------++-------
Melee: Trident           |    83 |   130 ||   213
       Headbutt          |    12 |    11 ||    23
Armor: Scale mail        |    22 |    12 ||    34
       Chain mail        |       |    34 ||    34
Dodge: Dodged            |    22 |    32 ||    54
Block: Buckler           |    13 |    22 ||    35

Table legend: (Time is in decaauts)
 A = Elapsed time spent in this place.
 B = Non-inter-level travel time spent in this place.
 C = Inter-level travel time spent in this place.
 D = Time resting spent in this place.
 E = Time spent auto-exploring this place.
 F = Levels seen in this place.
 G = Mean time per level.
                   A        B        C        D        E       F      G
               +--------+--------+--------+--------+--------+-----+--------+
         Total |   2096 |   2026 |     70 |      0 |   1582 |   4 |  524.0 |
       Dungeon |   2096 |   2026 |     70 |      0 |   1582 |   4 |  524.0 |
               +--------+--------+--------+--------+--------+-----+--------+

Top non-repeatable levels by time:
     D:2: 739 daAuts
     D:1: 659 daAuts
     D:3: 580 daAuts
     D:4: 117 daAuts
